 Dungeon Crawl Stone Soup version 0.28.0-53-g5a82cb258f (webtiles) character file.

Game seed: 1776938755491112957

127 Sin92 the Skirmisher (level 4, -1/36 HPs)
             Began as a Demonspawn Fighter on June 28, 2022.
             Slain by a gnoll
             ... wielding a +3 vampiric spear
              (5 damage)
             ... on level 3 of the Dungeon.
             The game lasted 00:01:40 (2111 turns).

Sin92 the Skirmisher (Demonspawn Fighter)           Turns: 2111, Time: 00:01:40

Health: -1/36      AC:  6    Str: 18    XL:     4   Next: 85%
Magic:  4/4        EV:  9    Int: 10    God:
Gold:   154        SH:  4    Dex: 12    Spells: 3/3 levels left

rFire   . . .      SeeInvis .   d - +3 flail
rCold   . . .      Faith    .   c - +0 buckler
rNeg    . . .      Spirit   .   b - +0 scale mail
rPois   .          Reflect  .   (no helmet)
rElec   .          Harm     .   (no cloak)
rCorr   .          Rampage  .   (no gloves)
Will    .....                   (no boots)
Stlth   ..........              (no amulet)
HPRegen 0.12/turn               (no ring)
MPRegen 0.09/turn               (no ring)

@: no status effects
A: demonic guardian 1
a: no special abilities


You were on level 3 of the Dungeon.
You visited 1 branch of the dungeon, and saw 3 of its levels.

You collected 154 gold pieces.

Inventory:

Hand Weapons
 a - a +0 war axe
 d - a +3 flail (weapon)
Armour
 b - a +0 scale mail (worn)
 c - a +0 buckler (worn)
Jewellery
 g - an amulet of regeneration
 h - a +6 ring of intelligence
 j - a ring of resist corrosion
 m - a +4 ring of evasion
Scrolls
 e - 2 scrolls of amnesia
 i - a scroll of teleportation {unknown}
 k - a scroll of identify
Potions
 f - a potion of ambrosia {unknown}
 n - a potion of haste {unknown}


   Skills:
 + Level 3.6 Fighting
 - Level 2.9(3.0) Axes
 * Level 1.1(2.2) Maces & Flails
 + Level 3.2 Armour
 + Level 3.3 Shields


You had 3 spell levels left.
You didn't know any spells.
Your spell library was empty.

Dungeon Overview and Level Annotations

Branches:
Dungeon (3/15)

Altars:


Innate Abilities, Weirdness & Mutations

A weak demonic guardian rushes to your aid.


Message History

There are monsters nearby!
You are too injured to fight recklessly!
Unknown command.
You see here a +0 dagger.
An orc comes into view. It is wielding a +0 club.
The orc closely misses your shadow imp.
Your shadow imp hits the frilled lizard.
The frilled lizard dies!
The orc closely misses your shadow imp.
Your shadow imp hits the orc.
The orc barely misses your shadow imp.
Your shadow imp hits the orc.
Your shadow imp closely misses the orc.
Your shadow imp barely misses the orc.
The quokka bites you.
* * * LOW HITPOINT WARNING * * *
The quokka bites you but does no damage.
You hear a shout!
You hear a shout!
The quokka barely misses you. Something hits your shadow imp.
The orc barely misses your shadow imp. The quokka misses you.
You hit the quokka.
The quokka is heavily wounded.
The quokka completely misses you. The quokka barely misses you.
You sock the quokka!
You kill the quokka!
The orc barely misses you.
You hit the orc.
You kill the orc!
Your shadow imp disappears in a puff of smoke!
The gnoll hits you but does no damage.
Things that are here:
a +0 falchion; a +0 leather armour You barely miss the gnoll.
The gnoll hits you with a +3 vampiric spear.
* * * LOW HITPOINT WARNING * * *
A demonic guardian appears!
You sock the gnoll!
The gnoll is almost dead.
You block the gnoll's attack.
The gnoll hits you with a +3 vampiric spear.
You die...

############.###.#...#########
..#...).........................
...>..).o5o..............######
..#.#.#######o.##.#...##.# #
#5g....#.###.####### ##.######.#
#..#....# #...(.....# #....# ###
#..###########...##.# #<#
#.og@5.<#............ #.# PP
#.#######.#####..##.# #.# P.
#................# # #.#
.###########.....##..# #.#
.................#..# #.#
#.#####.........##...
#.########.###.......###.......
##.#.....#........#...# ....#..#
...#.###.#..#.....#.......###


You could see a gnoll (ally target), an orc and a friendly quasit (summoned).

Vanquished Creatures
  3 gnolls
  3 adders
  A worm (D:2)
  A dart slug (D:2)
  4 orcs (D:3)
  4 ball pythons
  An endoplasm (D:1)
  A giant cockroach (D:2)
  2 goblins (D:1)
  5 hobgoblins
  A kobold (D:1)
  8 quokkas
  2 bats (D:1)
  3 frilled lizards
  A rat (D:1)
40 creatures vanquished.

Vanquished Creatures (collateral kills)
  2 gnolls (D:2)
  A hobgoblin (D:1)
  A frilled lizard (D:3)
4 creatures vanquished.

Vanquished Creatures (others)
  7 fungi (D:3)
  5 plants (D:3)
12 creatures vanquished.

Grand Total: 56 creatures vanquished

Notes
Turn   | Place    | Note
-------+----------+-------------------------------------------
     0 | D:1      | Sin92 the Demonspawn Fighter began the quest for the Orb.
     0 | D:1      | Reached XP level 1. HP: 18/18 MP: 1/1
   237 | D:1      | Gained mutation: A weak demonic guardian rushes to your
                  | aid. [demonic ancestry]
   237 | D:1      | Reached XP level 2. HP: 19/24 MP: 2/2
   782 | D:1      | Found a faded altar of an unknown god.
  1063 | D:2      | Reached XP level 3. HP: 11/29 MP: 3/3
  1072 | D:2      | Reached XP level 4. HP: 8/35 MP: 4/4
  2086 | D:3      | Reached skill level 1 in Maces & Flails
  2111 | D:3      | Slain by a gnoll

Illustrated notes

Levels and vault maps discovered:
D:1:      scummos_arrival_forest, layout_loops_ring, basic_ecumenical_altar,
          chequers_serial_rivers_large_b
D:2:      layout_basic
D:3:      layout_basic, fedhas_altar_3, gammafunk_ghost_arena, serial_shops,
          shop

Skill      XL: |  1  2  3  4 |
---------------+-------------+-----
Axes           | 2 |  2.9
Shields        | 3 |  3.3
Armour         | 3 |  3.2
Maces & Flails | 1 |  1.1
Fighting       | |  3.6

Action                   |  1- 3 |  4- 6 || total
-------------------------+-------+-------++-------
Melee: War axe           |    66 |       ||    66
       Flail             |       |    52 ||    52
  Use: Potion            |     1 |     1 ||     2
       Scroll            |       |     2 ||     2
Armor: Scale mail        |    35 |    29 ||    64
Dodge: Dodged            |    36 |    32 ||    68
Block: Buckler           |    15 |     7 ||    22
